BOSTON vs ANAHEIM

Created - May 2, 2021 at 11:12

Goals
1 2 3 T
BOSTON 1 0 0 1
ANAHEIM 2 0 0 2
Shots
1 2 3 T
BOSTON 6 13 9 28
ANAHEIM 15 5 13 33

1st period

1. ANAHEIM , Evgeny Kuznetsov 20 (Andreas Athanasiou 16) at 7:37
2. ANAHEIM , Connor McDavid 20 (Jason Zucker 27) at 7:57
3. BOSTON , William Nylander 18 (Ivan Provorov 31, Kevin Fiala 18) at 17:25

Penalties :
Ivan Provorov (BOS) for Tripping (Minor) at 4:37, Michael Frolik (ANA) for Hooking (Minor) at 11:42

2nd period

No Goal

Penalties :
Caleb Jones (ANA) for Slashing (Minor) at 11:14, Olli Maatta (ANA) for Hooking (Minor) at 18:00

3rd period

No Goal

Penalties :
Anton Stralman (ANA) for Slashing (Minor) at 2:41, Reilly Smith (BOS) for Cross-checking (Minor) at 3:03, Miles Wood (BOS) for Cross-checking (Minor) at 6:51

Goalie Stats

Thatcher Demko (BOS), 31 saves from 33 shots - (0.939), L, 16-18-2, 59:07 minutes
Cam Talbot (ANA), 27 saves from 28 shots - (0.964), W, 21-20-6, 60:00 minutes

Players Stats for BOSTON

Player Name              G  A  P  +/- PIM S  H  SB GA TA FO     MP     PP MP  PK MP  
------------------------------------------------------------------------------------
Alec Martinez            0  0  0   0  0   0  0  2  0  0  0/0    20:12   2:20   1:36 
Aleksi Saarela           0  0  0   0  0   0  0  0  0  0  0/0     1:35   0:49   0:00 
Alexandre Texier         0  0  0  -1  0   1  3  0  0  0  3/8     5:02   0:13   0:42 
Andrew Mangiapane        0  0  0   0  0   3  1  1  0  0  1/1    14:29   0:00   0:30 
Blake Comeau             0  0  0  -1  0   2  2  0  0  0  2/3    18:03   2:47   0:00 
Casey Mittelstadt        0  0  0   0  0   0  0  0  0  0  6/15   13:13   0:00   0:00 
Filip Hronek             0  0  0   0  0   3  6  1  0  0  0/0    19:44   2:20   1:08 
Ilya Kovalchuk           0  0  0  -1  0   0  0  0  0  0  1/2    18:56   3:00   0:40 
Ivan Barbashev           0  0  0  -1  0   3  0  2  0  0  7/18   18:03   2:47   0:00 
Ivan Provorov            0  1  1  -1  2   0  0  1  0  0  0/0    23:40   3:10   1:13 
Juuso Valimaki           0  0  0   0  0   0  0  0  0  0  0/0    15:43   0:49   1:07 
Kevin Fiala              0  1  1   1  0   4  1  1  0  0  2/3    18:52   2:34   1:04 
Miles Wood               0  0  0   0  2   2  2  0  0  0  0/1    13:12   0:00   0:00 
Miro Heiskanen           0  0  0  -1  0   1  0  0  0  0  0/0    25:20   3:10   2:52 
Nicolas Roy              0  0  0   0  0   1  1  0  0  0  0/1     2:35   1:08   0:00 
Philippe Myers           0  0  0   0  0   2  4  1  0  0  0/0    15:00   0:49   0:24 
Reilly Smith             0  0  0   0  2   3  1  1  0  0  0/3    23:27   2:06   2:48 
Victor Olofsson          0  0  0  -1  0   0  0  0  0  0  0/0     5:23   1:02   0:20 
William Nylander         1  0  1   1  0   3  0  0  0  0  14/24  21:31   2:30   2:56 

Players Stats for ANAHEIM

Player Name              G  A  P  +/- PIM S  H  SB GA TA FO     MP     PP MP  PK MP  
------------------------------------------------------------------------------------
Andreas Athanasiou       0  1  1   1  0   3  1  0  0  0  1/1    16:44   2:07   0:22 
Andrew Shaw              0  0  0   0  0   1  1  0  0  0  4/5     4:00   0:00   0:00 
Anton Stralman           0  0  0   1  2   0  1  2  0  0  0/0    20:38   2:34   3:19 
Caleb Jones              0  0  0   0  2   0  2  1  0  0  0/0    15:13   0:00   0:42 
Chris Wagner             0  0  0   0  0   0  0  0  0  0  0/0     1:53   0:22   0:16 
Connor McDavid           1  0  1   0  0   4  0  1  0  0  17/29  22:55   2:13   3:13 
Evgeny Kuznetsov         1  0  1   1  0   2  1  0  0  0  8/18   23:03   1:45   3:09 
Frank Vatrano            0  0  0   0  0   2  3  0  0  0  0/1    16:58   2:13   0:00 
Jake McCabe              0  0  0   1  0   2  1  0  0  0  0/0    20:58   2:34   3:18 
Jason Zucker             0  1  1   0  0   3  1  0  0  0  2/3    19:42   2:13   2:28 
Joel Edmundson           0  0  0   0  0   1  0  2  0  0  0/0    21:31   1:46   2:56 
Michael Frolik           0  0  0   0  2   4  0  0  0  0  2/2    16:20   0:00   0:42 
Mike Green               0  0  0   0  0   0  0  0  0  0  0/0     4:16   0:00   0:27 
Olli Maatta              0  0  0   0  2   4  2  3  0  0  0/0    22:29   1:46   1:56 
Pierre-Luc Dubois        0  0  0   0  0   2  2  1  0  0  6/15   18:27   0:00   2:28 
Trevor van Riemsdyk      0  0  0   0  0   0  1  3  0  0  0/0    14:52   0:00   0:00 
Tyler Motte              0  0  0   0  0   2  3  1  0  0  2/3    15:39   0:00   0:00 
Zach Sanford             0  0  0   1  0   3  2  1  0  0  1/2    16:22   2:07   0:00 

3 Stars

1 - Cam Talbot (ANA)
2 - Evgeny Kuznetsov (ANA)
3 - Thatcher Demko (BOS)

Power Play

BOSTON - 0 on 4 Attempt(s) - 0.00%
ANAHEIM - 0 on 3 Attempt(s) - 0.00%

Penalty Kill

BOSTON - 3 on 3 Attempt(s) - 100.00% - Score 0 goal in Penalty Kill
ANAHEIM - 4 on 4 Attempt(s) - 100.00% - Score 0 goal in Penalty Kill

Team Stat

BOSTON - Hits : 21 - Faceoff Wins : 36 - Blocked Shots : 10 - Penalty Minutes : 6
ANAHEIM - Hits : 21 - Faceoff Wins : 43 - Blocked Shots : 15 - Penalty Minutes : 8

Official

Referees : Matt Sullivan and Robert Hennessey
Linesman : Jonathan Junk Googoo and Ryan Galloway

Game Notes

No Game Note

Finance

Level 1 -- Attendance: 5533 (92.22%) -- Ticket Income $492,437
Level 2 -- Attendance: 4647 (92.94%) -- Ticket Income $250,938
Level 3 -- Attendance: 1831 (91.55%) -- Ticket Income $51,268
Level 4 -- Attendance: 2899 (72.48%) -- Ticket Income $60,879
Luxury Box -- Attendance: 846 (84.60%) -- Ticket Income $157,356
Game was played at the Honda Center.
Total Attendance: 15756 (87.53%)
Total Ticket Income: $1,012,878
Total Income: $1,012,878

BOSTON

5 vs 5 Forward 
   Center                   Left Wing                Right Wing               Time % Phy DF OF 
 1 William Nylander         Reilly Smith             Kevin Fiala              35     1   2  2  
 2 Ivan Barbashev           Ilya Kovalchuk           Blake Comeau             30     1   2  2  
 3 Casey Mittelstadt        Andrew Mangiapane        Miles Wood               25     1   2  2  
 4 Alexandre Texier         Victor Olofsson          Reilly Smith             10     1   2  2  

5 vs 5 Defense 
   Defense                  Defense                                           Time % Phy DF OF 
 1 Ivan Provorov            Miro Heiskanen                                    35     1   2  2  
 2 Alec Martinez            Filip Hronek                                      30     1   2  2  
 3 Philippe Myers           Juuso Valimaki                                    25     1   2  2  
 4 Ivan Provorov            Miro Heiskanen                                    10     1   2  2  

PowerPlay Forward 
   Center                   Left Wing                Right Wing               Time % Phy DF OF 
 1 William Nylander         Reilly Smith             Kevin Fiala              60     1   2  2  
 2 Ivan Barbashev           Ilya Kovalchuk           Blake Comeau             40     1   2  2  

PowerPlay Defense
   Defense                  Defense                                           Time % Phy DF OF 
 1 Ivan Provorov            Miro Heiskanen                                    60     1   2  2  
 2 Alec Martinez            Filip Hronek                                      40     1   2  2  

Penalty Kill 4 Players Forward 
   Center                   Wing                     Time % Phy DF OF 
 1 Reilly Smith             William Nylander         60     1   2  2  
 2 Kevin Fiala              Ilya Kovalchuk           40     1   2  2  

Penalty Kill 4 Players Defense
   Defense                  Defense                  Time % Phy DF OF 
 1 Ivan Provorov            Miro Heiskanen           60     1   2  2  
 2 Alec Martinez            Filip Hronek             40     1   2  2  

Penalty Kill - 3 Players Forward 
   Forward                                           Time % Phy DF OF 
 1 Reilly Smith                                      60     1   2  2  
 2 William Nylander                                  40     1   2  2  

Penalty Kill - 3 Players Defense
   Defense                  Defense                  Time % Phy DF OF 
 1 Ivan Provorov            Miro Heiskanen           60     1   2  2  
 2 Alec Martinez            Filip Hronek             40     1   2  2  

4 vs 4 Forward 
   Center                   Wing                     Time % Phy DF OF 
 1 Reilly Smith             William Nylander         60     1   2  2  
 2 Kevin Fiala              Ilya Kovalchuk           40     1   2  2  

4 vs 4 Defense
   Defense                  Defense                  Time % Phy DF OF 
 1 Ivan Provorov            Miro Heiskanen           60     1   2  2  
 2 Alec Martinez            Filip Hronek             40     1   2  2  

Last Minutes Offensive
   Center                   Left Wing                Right Wing               Defense                  Defense                  
   William Nylander         Reilly Smith             Kevin Fiala              Ivan Provorov            Miro Heiskanen           

Last Minutes Defensive
   Center                   Left Wing                Right Wing               Defense                  Defense                  
   William Nylander         Reilly Smith             Kevin Fiala              Ivan Provorov            Miro Heiskanen           

Goaltenders
Starting : Thatcher Demko           
Backup : Martin Jones             

Extra Forwards
Normal : Nicolas Roy, Aleksi Saarela, Andrew Mangiapane - PP : Nicolas Roy, Aleksi Saarela - PK : Andrew Mangiapane
Extra Defensemen
Normal : Philippe Myers, Juuso Valimaki, Alec Martinez - PP : Philippe Myers - PK : Juuso Valimaki, Alec Martinez
Penalty Shots
Reilly Smith, William Nylander, Kevin Fiala, Ilya Kovalchuk, Blake Comeau

Scratches
Filip Zadina (Healthy), BOS Cap Hit (Suspend), Robert Hagg (Healthy), Charlie Lindgren (Healthy)

ANAHEIM

5 vs 5 Forward 
   Center                   Left Wing                Right Wing               Time % Phy DF OF 
 1 Connor McDavid           Jason Zucker             Frank Vatrano            35     1   2  2  
 2 Evgeny Kuznetsov         Andreas Athanasiou       Zach Sanford             30     1   2  2  
 3 Pierre-Luc Dubois        Michael Frolik           Tyler Motte              25     1   2  2  
 4 Andrew Shaw              Connor McDavid           Evgeny Kuznetsov         10     1   2  2  

5 vs 5 Defense 
   Defense                  Defense                                           Time % Phy DF OF 
 1 Olli Maatta              Joel Edmundson                                    35     1   2  2  
 2 Anton Stralman           Jake McCabe                                       30     1   2  2  
 3 Trevor van Riemsdyk      Caleb Jones                                       25     1   2  2  
 4 Mike Green               Olli Maatta                                       10     1   2  2  

PowerPlay Forward 
   Center                   Left Wing                Right Wing               Time % Phy DF OF 
 1 Connor McDavid           Jason Zucker             Frank Vatrano            60     1   2  2  
 2 Evgeny Kuznetsov         Andreas Athanasiou       Zach Sanford             40     1   2  2  

PowerPlay Defense
   Defense                  Defense                                           Time % Phy DF OF 
 1 Olli Maatta              Joel Edmundson                                    60     1   2  2  
 2 Anton Stralman           Jake McCabe                                       40     1   2  2  

Penalty Kill 4 Players Forward 
   Center                   Wing                     Time % Phy DF OF 
 1 Connor McDavid           Evgeny Kuznetsov         60     1   2  2  
 2 Pierre-Luc Dubois        Jason Zucker             40     1   2  2  

Penalty Kill 4 Players Defense
   Defense                  Defense                  Time % Phy DF OF 
 1 Olli Maatta              Joel Edmundson           60     1   2  2  
 2 Anton Stralman           Jake McCabe              40     1   2  2  

Penalty Kill - 3 Players Forward 
   Forward                                           Time % Phy DF OF 
 1 Connor McDavid                                    60     1   2  2  
 2 Evgeny Kuznetsov                                  40     1   2  2  

Penalty Kill - 3 Players Defense
   Defense                  Defense                  Time % Phy DF OF 
 1 Olli Maatta              Joel Edmundson           60     1   2  2  
 2 Anton Stralman           Jake McCabe              40     1   2  2  

4 vs 4 Forward 
   Center                   Wing                     Time % Phy DF OF 
 1 Connor McDavid           Evgeny Kuznetsov         60     1   2  2  
 2 Pierre-Luc Dubois        Jason Zucker             40     1   2  2  

4 vs 4 Defense
   Defense                  Defense                  Time % Phy DF OF 
 1 Olli Maatta              Joel Edmundson           60     1   2  2  
 2 Anton Stralman           Jake McCabe              40     1   2  2  

Last Minutes Offensive
   Center                   Left Wing                Right Wing               Defense                  Defense                  
   Connor McDavid           Jason Zucker             Frank Vatrano            Olli Maatta              Joel Edmundson           

Last Minutes Defensive
   Center                   Left Wing                Right Wing               Defense                  Defense                  
   Connor McDavid           Jason Zucker             Frank Vatrano            Olli Maatta              Joel Edmundson           

Goaltenders
Starting : Cam Talbot               
Backup : Juuse Saros              

Extra Forwards
Normal : Chris Wagner, Andrew Shaw, Michael Frolik - PP : Chris Wagner, Andrew Shaw - PK : Michael Frolik
Extra Defensemen
Normal : Trevor van Riemsdyk, Caleb Jones, Mike Green - PP : Trevor van Riemsdyk - PK : Caleb Jones, Mike Green
Penalty Shots
Connor McDavid, Evgeny Kuznetsov, Pierre-Luc Dubois, Jason Zucker, Frank Vatrano

Scratches
ANA Cap Hit (Suspend)

% Time on Ice - BOSTON

Lines # - Real PCT - Wanted PCT - Time Play
Normal Forward
1 - 31% - 35% - 14:43
2 - 32% - 30% - 15:16
3 - 28% - 25% - 13:13
4 - 9% - 10% - 4:01
Normal Defense
1 - 34% - 35% - 16:08
2 - 33% - 30% - 15:30
3 - 29% - 25% - 13:47
4 - 4% - 10% - 1:48
PP Forward
1 - 53% - 60% - 3:19
2 - 47% - 40% - 3:00
PP Defense
1 - 53% - 60% - 3:21
2 - 47% - 40% - 2:58
PK Forward
1 - 75% - 60% - 3:16
2 - 25% - 40% - 1:04
PK Defense
1 - 74% - 60% - 3:12
2 - 26% - 40% - 1:08
PK3 Forward
1 - 0% - 60%
2 - 0% - 40%
PK3 Defense
1 - 0% - 60%
2 - 0% - 40%
44 Forward
1 - 100% - 60% - 1:37
2 - 0% - 40% - 0:00
44 Defense
1 - 53% - 60% - 0:51
2 - 47% - 40% - 0:46
Last Minute Offensive  - 0:31
Last Minute Defensive  - 0:00
Total
Forward - 60:00
Defense - 60:00

% Time on Ice - ANAHEIM

Lines # - Real PCT - Wanted PCT - Time Play
Normal Forward
1 - 31% - 35% - 14:44
2 - 30% - 30% - 14:15
3 - 33% - 25% - 15:39
4 - 6% - 10% - 3:05
Normal Defense
1 - 33% - 35% - 15:31
2 - 31% - 30% - 14:46
3 - 30% - 25% - 14:32
4 - 6% - 10% - 2:54
PP Forward
1 - 51% - 60% - 2:13
2 - 49% - 40% - 2:07
PP Defense
1 - 41% - 60% - 1:46
2 - 59% - 40% - 2:34
PK Forward
1 - 61% - 60% - 3:51
2 - 39% - 40% - 2:28
PK Defense
1 - 48% - 60% - 3:01
2 - 52% - 40% - 3:18
PK3 Forward
1 - 0% - 60%
2 - 0% - 40%
PK3 Defense
1 - 0% - 60%
2 - 0% - 40%
44 Forward
1 - 79% - 60% - 1:17
2 - 21% - 40% - 0:20
44 Defense
1 - 79% - 60% - 1:17
2 - 21% - 40% - 0:20
Last Minute Offensive  - 0:00
Last Minute Defensive  - 0:01
Total
Forward - 60:00
Defense - 60:00

Play-by-Play

1st period


0:01 of 1st period - Connor McDavid wins face-off versus Kevin Fiala in neutral zone.
0:04 of 1st period - Reilly Smith is hit by Frank Vatrano.
0:36 of 1st period - Miro Heiskanen is hit by Frank Vatrano and loses puck.
1:17 of 1st period - Shot by Evgeny Kuznetsov.
1:17 of 1st period - Shot Blocked by Kevin Fiala.
1:19 of 1st period - Shot by Andreas Athanasiou.
1:19 of 1st period - Stopped by Thatcher Demko without a rebound.
1:20 of 1st period - Ivan Barbashev wins face-off versus Tyler Motte in BOSTON zone.
1:20 of 1st period - Filip Hronek is hit by Pierre-Luc Dubois and loses puck.
1:27 of 1st period - Shot by Pierre-Luc Dubois.
1:27 of 1st period - Shot Misses the Net.
1:29 of 1st period - Shot by Tyler Motte.
1:29 of 1st period - Shot Misses the Net.
1:31 of 1st period - Shot by Pierre-Luc Dubois.
1:31 of 1st period - Deflect By Michael Frolik.
1:31 of 1st period - Stopped by Thatcher Demko with a rebound.
1:42 of 1st period - Filip Hronek is hit by Pierre-Luc Dubois and loses puck.
1:53 of 1st period - Shot by Pierre-Luc Dubois.
1:53 of 1st period - Shot Misses the Net.
1:55 of 1st period - Shot by Trevor van Riemsdyk.
1:55 of 1st period - Shot Misses the Net.
1:57 of 1st period - Shot by Tyler Motte.
1:57 of 1st period - Shot Hit the Post.
2:22 of 1st period - Connor McDavid is hit by Filip Hronek and loses puck.
3:22 of 1st period - Jason Zucker is hit by Filip Hronek.
3:31 of 1st period - Icing by Alec Martinez.
3:32 of 1st period - Ivan Barbashev wins face-off versus Pierre-Luc Dubois in BOSTON zone.
3:42 of 1st period - Shot by Pierre-Luc Dubois.
3:42 of 1st period - Shot Misses the Net.
3:44 of 1st period - Shot by Tyler Motte.
3:44 of 1st period - Shot Misses the Net.
3:51 of 1st period - Pierre-Luc Dubois is hit by Filip Hronek and loses puck.
4:02 of 1st period - Shot by Pierre-Luc Dubois.
4:02 of 1st period - Stopped by Thatcher Demko without a rebound.
4:03 of 1st period - Evgeny Kuznetsov wins face-off versus Casey Mittelstadt in BOSTON zone.
4:08 of 1st period - Shot by Evgeny Kuznetsov.
4:08 of 1st period - Shot Misses the Net.
4:29 of 1st period - Icing by Joel Edmundson.
4:30 of 1st period - Evgeny Kuznetsov wins face-off versus Alexandre Texier in ANAHEIM zone.
4:30 of 1st period - Evgeny Kuznetsov is hit by Alexandre Texier.
4:37 of 1st period - Minor Penalty to Ivan Provorov for Tripping.
4:38 of 1st period - Connor McDavid wins face-off versus Reilly Smith in BOSTON zone.
5:16 of 1st period - Shot by Connor McDavid.
5:16 of 1st period - Shot Misses the Net.
5:18 of 1st period - Shot by Jake McCabe.
5:18 of 1st period - Shot Misses the Net.
5:38 of 1st period - Shot by Andreas Athanasiou.
5:38 of 1st period - Shot Misses the Net.
5:40 of 1st period - Shot by Joel Edmundson.
5:40 of 1st period - Stopped by Thatcher Demko with a rebound.
5:42 of 1st period - Shot by Joel Edmundson.
5:42 of 1st period - Shot Misses the Net.
5:44 of 1st period - Shot by Olli Maatta.
5:44 of 1st period - Stopped by Thatcher Demko without a rebound.
5:45 of 1st period - Kevin Fiala wins face-off versus Evgeny Kuznetsov in BOSTON zone.
5:51 of 1st period - Icing by Andreas Athanasiou.
5:52 of 1st period - Kevin Fiala wins face-off versus Evgeny Kuznetsov in ANAHEIM zone.
6:08 of 1st period - Shot by Olli Maatta.
6:08 of 1st period - Stopped by Thatcher Demko without a rebound.
6:09 of 1st period - Connor McDavid wins face-off versus Reilly Smith in BOSTON zone.
6:18 of 1st period - Shot by Connor McDavid.
6:18 of 1st period - Shot Blocked by Alec Martinez.
6:20 of 1st period - Shot by Frank Vatrano.
6:20 of 1st period - Shot Blocked by Reilly Smith.
6:22 of 1st period - Shot by Jake McCabe.
6:22 of 1st period - Shot Misses the Net.
7:00 of 1st period - Tyler Motte is hit by Philippe Myers.
7:14 of 1st period - Shot by Pierre-Luc Dubois.
7:14 of 1st period - Shot Misses the Net.
7:32 of 1st period - Reilly Smith is hit by Zach Sanford and loses puck.
7:37 of 1st period - Shot by Evgeny Kuznetsov.
7:37 of 1st period - Goal by Evgeny Kuznetsov - BOSTON : 0 - ANAHEIM : 1.
7:38 of 1st period - Connor McDavid wins face-off versus Blake Comeau in neutral zone.
7:57 of 1st period - Shot by Jason Zucker.
7:57 of 1st period - Deflect By Connor McDavid.
7:57 of 1st period - Goal by Connor McDavid - BOSTON : 0 - ANAHEIM : 2.
7:58 of 1st period - Alexandre Texier wins face-off versus Evgeny Kuznetsov in neutral zone.
8:19 of 1st period - Shot by Evgeny Kuznetsov.
8:19 of 1st period - Shot Blocked by Alec Martinez.
8:31 of 1st period - Evgeny Kuznetsov is hit by Alexandre Texier and loses puck.
8:51 of 1st period - Off-side.
8:52 of 1st period - Casey Mittelstadt wins face-off versus Connor McDavid in neutral zone.
8:59 of 1st period - Frank Vatrano is hit by Andrew Mangiapane and loses puck.
10:15 of 1st period - Shot by Michael Frolik.
10:15 of 1st period - Shot Misses the Net.
10:17 of 1st period - Shot by Trevor van Riemsdyk.
10:17 of 1st period - Shot Blocked by Ivan Barbashev.
10:19 of 1st period - Shot by Pierre-Luc Dubois.
10:19 of 1st period - Stopped by Thatcher Demko without a rebound.
10:20 of 1st period - Zach Sanford wins face-off versus William Nylander in BOSTON zone.
10:20 of 1st period - Olli Maatta is hit by Filip Hronek and loses puck.
11:42 of 1st period - Minor Penalty to Michael Frolik for Hooking.
11:43 of 1st period - Ivan Barbashev wins face-off versus Connor McDavid in ANAHEIM zone.
12:22 of 1st period - Shot by Miro Heiskanen.
12:22 of 1st period - Stopped by Cam Talbot without a rebound.
12:23 of 1st period - Connor McDavid wins face-off versus Ivan Barbashev in ANAHEIM zone.
12:46 of 1st period - Shot by Ivan Provorov.
12:46 of 1st period - Shot Blocked by Anton Stralman.
12:48 of 1st period - Shot by Ivan Provorov.
12:48 of 1st period - Shot Blocked by Anton Stralman.
13:06 of 1st period - Shot by Filip Hronek.
13:06 of 1st period - Shot Misses the Net.
13:08 of 1st period - Shot by Kevin Fiala.
13:08 of 1st period - Stopped by Cam Talbot with a rebound.
13:26 of 1st period - Shot by Nicolas Roy.
13:26 of 1st period - Stopped by Cam Talbot with a rebound.
13:57 of 1st period - Evgeny Kuznetsov is hit by Philippe Myers and loses puck.
14:13 of 1st period - Shot by Zach Sanford.
14:13 of 1st period - Stopped by Thatcher Demko without a rebound.
14:14 of 1st period - Connor McDavid wins face-off versus Alexandre Texier in BOSTON zone.
14:17 of 1st period - Shot by Frank Vatrano.
14:17 of 1st period - Stopped by Thatcher Demko without a rebound.
14:18 of 1st period - Jason Zucker wins face-off versus Alexandre Texier in BOSTON zone.
14:19 of 1st period - Shot by Frank Vatrano.
14:19 of 1st period - Deflect By Connor McDavid.
14:19 of 1st period - Stopped by Thatcher Demko without a rebound.
14:20 of 1st period - Connor McDavid wins face-off versus Alexandre Texier in BOSTON zone.
14:31 of 1st period - Shot by Jason Zucker.
14:31 of 1st period - Stopped by Thatcher Demko with a rebound.
15:02 of 1st period - Icing by Ivan Provorov.
15:03 of 1st period - Evgeny Kuznetsov wins face-off versus Alexandre Texier in BOSTON zone.
15:37 of 1st period - Shot by Evgeny Kuznetsov.
15:37 of 1st period - Shot Misses the Net.
15:39 of 1st period - Shot by Caleb Jones.
15:39 of 1st period - Shot Blocked by Philippe Myers.
15:41 of 1st period - Shot by Caleb Jones.
15:41 of 1st period - Shot Misses the Net.
16:22 of 1st period - Michael Frolik is hit by Filip Hronek and loses puck.
16:28 of 1st period - Ilya Kovalchuk is hit by Jake McCabe and loses puck.
17:19 of 1st period - Shot by Kevin Fiala.
17:19 of 1st period - Stopped by Cam Talbot with a rebound.
17:23 of 1st period - Shot by William Nylander.
17:23 of 1st period - Shot Misses the Net.
17:25 of 1st period - Shot by William Nylander.
17:25 of 1st period - Goal by William Nylander - BOSTON : 1 - ANAHEIM : 2.
17:26 of 1st period - Evgeny Kuznetsov wins face-off versus Casey Mittelstadt in neutral zone.
17:37 of 1st period - Shot by Miles Wood.
17:37 of 1st period - Stopped by Cam Talbot with a rebound.
18:28 of 1st period - Icing by Miles Wood.
18:29 of 1st period - Pierre-Luc Dubois wins face-off versus Casey Mittelstadt in BOSTON zone.
18:30 of 1st period - Shot by Jake McCabe.
18:30 of 1st period - Shot Misses the Net.
18:32 of 1st period - Shot by Jake McCabe.
18:32 of 1st period - Stopped by Thatcher Demko without a rebound.
18:33 of 1st period - William Nylander wins face-off versus Andrew Shaw in BOSTON zone.
18:33 of 1st period - Kevin Fiala is hit by Andrew Shaw and loses puck.
18:50 of 1st period - Icing by Anton Stralman.
18:51 of 1st period - Andrew Shaw wins face-off versus Ivan Barbashev in ANAHEIM zone.
19:32 of 1st period - Shot by Pierre-Luc Dubois.
19:32 of 1st period - Shot Blocked by Ivan Barbashev.
19:34 of 1st period - Shot by Olli Maatta.
19:34 of 1st period - Stopped by Thatcher Demko without a rebound.
19:35 of 1st period - William Nylander wins face-off versus Pierre-Luc Dubois in BOSTON zone.
Goals for this period are 1 for BOSTON vs 2 for ANAHEIM.
Shots for this period are 6 for BOSTON vs 15 for ANAHEIM.

2nd period


0:01 of 2nd period - Connor McDavid wins face-off versus William Nylander in neutral zone.
0:07 of 2nd period - Shot by Frank Vatrano.
0:07 of 2nd period - Stopped by Thatcher Demko without a rebound.
0:08 of 2nd period - William Nylander wins face-off versus Frank Vatrano in BOSTON zone.
1:18 of 2nd period - Shot by Andreas Athanasiou.
1:18 of 2nd period - Stopped by Thatcher Demko with a rebound.
1:38 of 2nd period - Shot by Ivan Barbashev.
1:38 of 2nd period - Stopped by Cam Talbot without a rebound.
1:39 of 2nd period - Pierre-Luc Dubois wins face-off versus Casey Mittelstadt in ANAHEIM zone.
2:43 of 2nd period - Icing by Alec Martinez.
2:44 of 2nd period - Andrew Mangiapane wins face-off versus Evgeny Kuznetsov in BOSTON zone.
3:05 of 2nd period - Shot by Zach Sanford.
3:05 of 2nd period - Shot Misses the Net.
3:33 of 2nd period - Shot by Connor McDavid.
3:33 of 2nd period - Stopped by Thatcher Demko without a rebound.
3:34 of 2nd period - Connor McDavid wins face-off versus William Nylander in BOSTON zone.
5:18 of 2nd period - Shot by Blake Comeau.
5:18 of 2nd period - Stopped by Cam Talbot with a rebound.
5:30 of 2nd period - Icing by Blake Comeau.
5:31 of 2nd period - Blake Comeau wins face-off versus Evgeny Kuznetsov in BOSTON zone.
5:31 of 2nd period - Blake Comeau is hit by Zach Sanford.
5:41 of 2nd period - Zach Sanford is hit by Blake Comeau and loses puck.
6:36 of 2nd period - Trevor van Riemsdyk is hit by Kevin Fiala and loses puck.
6:44 of 2nd period - Off-side.
6:45 of 2nd period - Pierre-Luc Dubois wins face-off versus Casey Mittelstadt in neutral zone.
6:56 of 2nd period - Shot by Andrew Mangiapane.
6:56 of 2nd period - Shot Hit the Post.
8:39 of 2nd period - Shot by Alexandre Texier.
8:39 of 2nd period - Stopped by Cam Talbot without a rebound.
8:40 of 2nd period - Andrew Shaw wins face-off versus William Nylander in ANAHEIM zone.
8:45 of 2nd period - Kevin Fiala is hit by Frank Vatrano and loses puck.
8:57 of 2nd period - Icing by Jason Zucker.
8:58 of 2nd period - Andrew Shaw wins face-off versus Casey Mittelstadt in ANAHEIM zone.
9:11 of 2nd period - Shot by Philippe Myers.
9:11 of 2nd period - Stopped by Cam Talbot with a rebound.
9:32 of 2nd period - Shot by Andrew Mangiapane.
9:32 of 2nd period - Shot Misses the Net.
9:34 of 2nd period - Shot by Andrew Mangiapane.
9:34 of 2nd period - Stopped by Cam Talbot without a rebound.
9:35 of 2nd period - William Nylander wins face-off versus Evgeny Kuznetsov in ANAHEIM zone.
11:00 of 2nd period - Ivan Barbashev is hit by Caleb Jones.
11:07 of 2nd period - Icing by Pierre-Luc Dubois.
11:08 of 2nd period - Casey Mittelstadt wins face-off versus Pierre-Luc Dubois in ANAHEIM zone.
11:14 of 2nd period - Minor Penalty to Caleb Jones for Slashing.
11:15 of 2nd period - William Nylander wins face-off versus Connor McDavid in ANAHEIM zone.
11:41 of 2nd period - Shot by Miro Heiskanen.
11:41 of 2nd period - Shot Misses the Net.
11:43 of 2nd period - Shot by Kevin Fiala.
11:43 of 2nd period - Stopped by Cam Talbot with a rebound.
11:45 of 2nd period - Shot by Miro Heiskanen.
11:45 of 2nd period - Shot Misses the Net.
11:47 of 2nd period - Shot by Miro Heiskanen.
11:47 of 2nd period - Shot Misses the Net.
11:49 of 2nd period - Shot by Ivan Provorov.
11:49 of 2nd period - Shot Misses the Net.
12:15 of 2nd period - Shot by Filip Hronek.
12:15 of 2nd period - Stopped by Cam Talbot without a rebound.
12:16 of 2nd period - Connor McDavid wins face-off versus Ivan Barbashev in ANAHEIM zone.
12:16 of 2nd period - Connor McDavid is hit by Blake Comeau.
12:33 of 2nd period - Icing by Filip Hronek.
12:34 of 2nd period - Connor McDavid wins face-off versus Ivan Barbashev in BOSTON zone.
12:45 of 2nd period - Shot by Filip Hronek.
12:45 of 2nd period - Stopped by Cam Talbot without a rebound.
12:46 of 2nd period - William Nylander wins face-off versus Connor McDavid in ANAHEIM zone.
13:05 of 2nd period - Shot by Reilly Smith.
13:05 of 2nd period - Shot Misses the Net.
13:07 of 2nd period - Shot by Reilly Smith.
13:07 of 2nd period - Shot Blocked by Olli Maatta.
13:09 of 2nd period - Shot by Miro Heiskanen.
13:09 of 2nd period - Shot Misses the Net.
13:11 of 2nd period - Shot by Miro Heiskanen.
13:11 of 2nd period - Shot Misses the Net.
13:13 of 2nd period - Shot by Ivan Provorov.
13:13 of 2nd period - Shot Blocked by Pierre-Luc Dubois.
13:15 of 2nd period - Shot by Philippe Myers.
13:15 of 2nd period - Stopped by Cam Talbot without a rebound.
13:16 of 2nd period - Casey Mittelstadt wins face-off versus Pierre-Luc Dubois in ANAHEIM zone.
13:29 of 2nd period - Shot by Casey Mittelstadt.
13:29 of 2nd period - Shot Blocked by Tyler Motte.
13:31 of 2nd period - Shot by Miles Wood.
13:31 of 2nd period - Stopped by Cam Talbot without a rebound.
13:32 of 2nd period - Blake Comeau wins face-off versus Connor McDavid in ANAHEIM zone.
13:35 of 2nd period - Shot by Ilya Kovalchuk.
13:35 of 2nd period - Shot Blocked by Trevor van Riemsdyk.
13:37 of 2nd period - Shot by Miro Heiskanen.
13:37 of 2nd period - Shot Misses the Net.
13:45 of 2nd period - Shot by Ivan Barbashev.
13:45 of 2nd period - Shot Misses the Net.
13:47 of 2nd period - Shot by Blake Comeau.
13:47 of 2nd period - Shot Misses the Net.
13:49 of 2nd period - Shot by Miro Heiskanen.
13:49 of 2nd period - Shot Blocked by Trevor van Riemsdyk.
13:51 of 2nd period - Shot by Ilya Kovalchuk.
13:51 of 2nd period - Shot Blocked by Trevor van Riemsdyk.
13:53 of 2nd period - Shot by Ivan Provorov.
13:53 of 2nd period - Shot Blocked by Caleb Jones.
13:55 of 2nd period - Shot by Ivan Barbashev.
13:55 of 2nd period - Stopped by Cam Talbot without a rebound.
13:56 of 2nd period - William Nylander wins face-off versus Evgeny Kuznetsov in ANAHEIM zone.
14:32 of 2nd period - Icing by Olli Maatta.
14:33 of 2nd period - Evgeny Kuznetsov wins face-off versus Casey Mittelstadt in ANAHEIM zone.
14:44 of 2nd period - Shot by Zach Sanford.
14:44 of 2nd period - Stopped by Thatcher Demko without a rebound.
14:45 of 2nd period - Ilya Kovalchuk wins face-off versus Jason Zucker in BOSTON zone.
14:49 of 2nd period - Icing by Alec Martinez.
14:50 of 2nd period - Connor McDavid wins face-off versus Ivan Barbashev in BOSTON zone.
15:10 of 2nd period - Shot by Ilya Kovalchuk.
15:10 of 2nd period - Shot Misses the Net.
15:12 of 2nd period - Shot by Blake Comeau.
15:12 of 2nd period - Shot Misses the Net.
15:16 of 2nd period - Shot by Alec Martinez.
15:16 of 2nd period - Shot Blocked by Connor McDavid.
15:18 of 2nd period - Shot by Filip Hronek.
15:18 of 2nd period - Stopped by Cam Talbot without a rebound.
15:19 of 2nd period - William Nylander wins face-off versus Pierre-Luc Dubois in ANAHEIM zone.
15:52 of 2nd period - Shot by Michael Frolik.
15:52 of 2nd period - Shot Misses the Net.
15:54 of 2nd period - Shot by Olli Maatta.
15:54 of 2nd period - Shot Misses the Net.
16:26 of 2nd period - Shot by Andrew Shaw.
16:26 of 2nd period - Stopped by Thatcher Demko with a rebound.
16:28 of 2nd period - Shot by Connor McDavid.
16:28 of 2nd period - Shot Misses the Net.
17:01 of 2nd period - Anton Stralman is hit by Miles Wood and loses puck.
17:18 of 2nd period - Shot by Andrew Mangiapane.
17:18 of 2nd period - Stopped by Cam Talbot without a rebound.
17:19 of 2nd period - Pierre-Luc Dubois wins face-off versus Ivan Barbashev in ANAHEIM zone.
17:41 of 2nd period - Shot by Ivan Barbashev.
17:41 of 2nd period - Shot Blocked by Olli Maatta.
18:00 of 2nd period - Minor Penalty to Olli Maatta for Hooking.
18:01 of 2nd period - Ivan Barbashev wins face-off versus Connor McDavid in ANAHEIM zone.
18:02 of 2nd period - Shot by Alec Martinez.
18:02 of 2nd period - Shot Misses the Net.
18:30 of 2nd period - Shot by Ilya Kovalchuk.
18:30 of 2nd period - Shot Misses the Net.
18:57 of 2nd period - Reilly Smith is hit by Caleb Jones and loses puck.
19:04 of 2nd period - Shot by William Nylander.
19:04 of 2nd period - Shot Misses the Net.
Goals for this period are 0 for BOSTON vs 0 for ANAHEIM.
Shots for this period are 13 for BOSTON vs 5 for ANAHEIM.

3rd period


0:01 of 3rd period - William Nylander wins face-off versus Connor McDavid in neutral zone.
1:11 of 3rd period - Shot by Andrew Mangiapane.
1:11 of 3rd period - Stopped by Cam Talbot without a rebound.
1:12 of 3rd period - Michael Frolik wins face-off versus Ivan Barbashev in ANAHEIM zone.
1:25 of 3rd period - Shot by Ivan Barbashev.
1:25 of 3rd period - Stopped by Cam Talbot without a rebound.
1:26 of 3rd period - Casey Mittelstadt wins face-off versus Zach Sanford in ANAHEIM zone.
1:34 of 3rd period - Icing by Anton Stralman.
1:35 of 3rd period - Evgeny Kuznetsov wins face-off versus Ivan Barbashev in ANAHEIM zone.
1:44 of 3rd period - Shot by Evgeny Kuznetsov.
1:44 of 3rd period - Shot Misses the Net.
1:46 of 3rd period - Shot by Jake McCabe.
1:46 of 3rd period - Stopped by Thatcher Demko without a rebound.
1:47 of 3rd period - Michael Frolik wins face-off versus William Nylander in BOSTON zone.
2:02 of 3rd period - Shot by Kevin Fiala.
2:02 of 3rd period - Shot Blocked by Joel Edmundson.
2:17 of 3rd period - Shot by William Nylander.
2:17 of 3rd period - Stopped by Cam Talbot without a rebound.
2:18 of 3rd period - Casey Mittelstadt wins face-off versus Connor McDavid in ANAHEIM zone.
2:24 of 3rd period - Jake McCabe is hit by Miles Wood.
2:40 of 3rd period - Miles Wood is hit by Anton Stralman and loses puck.
2:41 of 3rd period - Minor Penalty to Anton Stralman for Slashing.
2:42 of 3rd period - Connor McDavid wins face-off versus Ivan Barbashev in ANAHEIM zone.
2:52 of 3rd period - Off-side.
2:53 of 3rd period - Connor McDavid wins face-off versus William Nylander in neutral zone.
3:03 of 3rd period - Minor Penalty to Reilly Smith for Cross-checking.
3:04 of 3rd period - Connor McDavid wins face-off versus Nicolas Roy in BOSTON zone.
3:17 of 3rd period - Joel Edmundson is hit by Nicolas Roy and loses puck.
3:28 of 3rd period - Shot by William Nylander.
3:28 of 3rd period - Shot Misses the Net.
3:30 of 3rd period - Shot by Miro Heiskanen.
3:30 of 3rd period - Shot Misses the Net.
3:32 of 3rd period - Shot by Ivan Provorov.
3:32 of 3rd period - Shot Blocked by Joel Edmundson.
4:57 of 3rd period - Zach Sanford is hit by Alexandre Texier and loses puck.
5:20 of 3rd period - Shot by Michael Frolik.
5:20 of 3rd period - Shot Misses the Net.
5:36 of 3rd period - Shot by Michael Frolik.
5:36 of 3rd period - Stopped by Thatcher Demko without a rebound.
5:37 of 3rd period - Alexandre Texier wins face-off versus Evgeny Kuznetsov in BOSTON zone.
5:44 of 3rd period - Shot by Reilly Smith.
5:44 of 3rd period - Stopped by Cam Talbot without a rebound.
5:45 of 3rd period - Connor McDavid wins face-off versus William Nylander in ANAHEIM zone.
5:52 of 3rd period - Shot by Connor McDavid.
5:52 of 3rd period - Deflect By Frank Vatrano.
5:52 of 3rd period - Shot Misses the Net.
6:12 of 3rd period - Shot by William Nylander.
6:12 of 3rd period - Stopped by Cam Talbot without a rebound.
6:13 of 3rd period - Tyler Motte wins face-off versus Casey Mittelstadt in ANAHEIM zone.
6:51 of 3rd period - Minor Penalty to Miles Wood for Cross-checking.
6:52 of 3rd period - Evgeny Kuznetsov wins face-off versus Reilly Smith in BOSTON zone.
7:29 of 3rd period - Ivan Provorov is hit by Evgeny Kuznetsov.
7:56 of 3rd period - Shot by Joel Edmundson.
7:56 of 3rd period - Shot Blocked by Filip Hronek.
8:18 of 3rd period - Shot by Olli Maatta.
8:18 of 3rd period - Stopped by Thatcher Demko without a rebound.
8:19 of 3rd period - William Nylander wins face-off versus Connor McDavid in BOSTON zone.
9:31 of 3rd period - Juuso Valimaki is hit by Trevor van Riemsdyk and loses puck.
9:54 of 3rd period - Shot by Andreas Athanasiou.
9:54 of 3rd period - Stopped by Thatcher Demko without a rebound.
9:55 of 3rd period - Andrew Shaw wins face-off versus Ivan Barbashev in BOSTON zone.
9:56 of 3rd period - Shot by Connor McDavid.
9:56 of 3rd period - Stopped by Thatcher Demko with a rebound.
10:06 of 3rd period - Shot by Connor McDavid.
10:06 of 3rd period - Shot Misses the Net.
10:08 of 3rd period - Shot by Evgeny Kuznetsov.
10:08 of 3rd period - Stopped by Thatcher Demko without a rebound.
10:09 of 3rd period - William Nylander wins face-off versus Evgeny Kuznetsov in BOSTON zone.
10:09 of 3rd period - William Nylander is hit by Andreas Athanasiou.
10:21 of 3rd period - Shot by William Nylander.
10:21 of 3rd period - Shot Blocked by Zach Sanford.
10:27 of 3rd period - Joel Edmundson is hit by Reilly Smith and loses puck.
10:32 of 3rd period - Shot by Kevin Fiala.
10:32 of 3rd period - Stopped by Cam Talbot with a rebound.
10:38 of 3rd period - Shot by Reilly Smith.
10:38 of 3rd period - Stopped by Cam Talbot without a rebound.
10:39 of 3rd period - Jason Zucker wins face-off versus Ilya Kovalchuk in ANAHEIM zone.
11:14 of 3rd period - Shot by Jason Zucker.
11:14 of 3rd period - Stopped by Thatcher Demko without a rebound.
11:15 of 3rd period - William Nylander wins face-off versus Pierre-Luc Dubois in BOSTON zone.
11:15 of 3rd period - William Nylander is hit by Tyler Motte.
12:18 of 3rd period - Filip Hronek is hit by Olli Maatta and loses puck.
12:35 of 3rd period - Icing by Alec Martinez.
12:36 of 3rd period - Connor McDavid wins face-off versus William Nylander in BOSTON zone.
12:36 of 3rd period - Connor McDavid is hit by Filip Hronek.
13:37 of 3rd period - Off-side.
13:38 of 3rd period - Evgeny Kuznetsov wins face-off versus Casey Mittelstadt in neutral zone.
14:29 of 3rd period - Shot by Pierre-Luc Dubois.
14:29 of 3rd period - Deflect By Michael Frolik.
14:29 of 3rd period - Stopped by Thatcher Demko with a rebound.
14:31 of 3rd period - Shot by Tyler Motte.
14:31 of 3rd period - Shot Misses the Net.
14:33 of 3rd period - Shot by Tyler Motte.
14:33 of 3rd period - Shot Blocked by Andrew Mangiapane.
14:35 of 3rd period - Shot by Caleb Jones.
14:35 of 3rd period - Shot Misses the Net.
14:37 of 3rd period - Shot by Tyler Motte.
14:37 of 3rd period - Stopped by Thatcher Demko with a rebound.
14:53 of 3rd period - Shot by Tyler Motte.
14:53 of 3rd period - Stopped by Thatcher Demko with a rebound.
14:55 of 3rd period - Shot by Michael Frolik.
14:55 of 3rd period - Stopped by Thatcher Demko without a rebound.
14:56 of 3rd period - Ivan Barbashev wins face-off versus Connor McDavid in BOSTON zone.
14:56 of 3rd period - Ivan Barbashev is hit by Jason Zucker.
14:59 of 3rd period - Icing by Blake Comeau.
15:00 of 3rd period - Ivan Barbashev wins face-off versus Connor McDavid in BOSTON zone.
15:09 of 3rd period - Shot by Blake Comeau.
15:09 of 3rd period - Stopped by Cam Talbot without a rebound.
15:10 of 3rd period - Ivan Barbashev wins face-off versus Evgeny Kuznetsov in ANAHEIM zone.
15:11 of 3rd period - Shot by Ilya Kovalchuk.
15:11 of 3rd period - Shot Misses the Net.
16:04 of 3rd period - Miro Heiskanen is hit by Olli Maatta and loses puck.
16:09 of 3rd period - Shot by Victor Olofsson.
16:09 of 3rd period - Shot Blocked by Olli Maatta.
16:11 of 3rd period - Shot by Reilly Smith.
16:11 of 3rd period - Stopped by Cam Talbot without a rebound.
16:12 of 3rd period - Alexandre Texier wins face-off versus Connor McDavid in ANAHEIM zone.
16:31 of 3rd period - Shot by Jason Zucker.
16:31 of 3rd period - Stopped by Thatcher Demko without a rebound.
16:32 of 3rd period - Casey Mittelstadt wins face-off versus Pierre-Luc Dubois in BOSTON zone.
16:32 of 3rd period - Casey Mittelstadt is hit by Tyler Motte.
16:41 of 3rd period - Icing by Caleb Jones.
16:42 of 3rd period - Tyler Motte wins face-off versus Miles Wood in ANAHEIM zone.
17:15 of 3rd period - Shot by Michael Frolik.
17:15 of 3rd period - Shot Misses the Net.
17:17 of 3rd period - Shot by Caleb Jones.
17:17 of 3rd period - Shot Blocked by Ivan Provorov.
18:14 of 3rd period - Icing by Juuso Valimaki.
18:15 of 3rd period - Andreas Athanasiou wins face-off versus Ivan Barbashev in BOSTON zone.
18:15 of 3rd period - Andreas Athanasiou is hit by Philippe Myers.
18:24 of 3rd period - Evgeny Kuznetsov is hit by Philippe Myers and loses puck.
18:51 of 3rd period - Shot by Zach Sanford.
18:51 of 3rd period - Stopped by Thatcher Demko without a rebound.
18:52 of 3rd period - William Nylander wins face-off versus Pierre-Luc Dubois in BOSTON zone.
18:52 of 3rd period - William Nylander is hit by Tyler Motte.
19:07 of 3rd period - BOSTON, Thatcher Demko is pulled from the net.
19:28 of 3rd period - Icing by Tyler Motte.
19:29 of 3rd period - Pierre-Luc Dubois wins face-off versus William Nylander in ANAHEIM zone.
19:33 of 3rd period - Icing by Michael Frolik.
19:34 of 3rd period - William Nylander wins face-off versus Pierre-Luc Dubois in ANAHEIM zone.
19:38 of 3rd period - Icing by Trevor van Riemsdyk.
19:39 of 3rd period - Pierre-Luc Dubois wins face-off versus William Nylander in ANAHEIM zone.
Goals for this period are 0 for BOSTON vs 0 for ANAHEIM.
Shots for this period are 9 for BOSTON vs 13 for ANAHEIM.